[Event "Titled Tuesday Blitz September 20 Late 2022"]
[White "Shandrygin, Nikita"]
[Black "Baskakov, Egor"]
[WhiteFideId "24198668"]
[BlackFideId "24197866"]
[WhiteElo "2323"]
[BlackElo "2211"]
[Result "0-1"]
[Round "11"]
[TimeControl "180+1"]
[Date "2022.09.20"]
[WhiteClock "0:00:06"]
[BlackClock "0:00:22"]

1. e4 c5 2. Nf3 Nf6 3. Nc3 d5 4. e5 Ne4 5. Bd3 Nxc3 6. dxc3 Nc6 7. h3 g6 8. O-O Bg7 9. Re1 Qc7 10. Bf4 O-O 11. Qd2 e6 12. Bh6 Qe7 13. h4 f6 14. Bxg7 Qxg7 15. exf6 Qxf6 16. Bb5 Ne7 17. Qg5 c4 18. Qxf6 Rxf6 19. Ne5 Rf5 20. Bxc4 dxc4 21. Nxc4 Bd7 22. Nd6 Rd5 23. Ne4 Kg7 24. c4 Re5 25. f4 Rh5 26. g3 h6 27. Rad1 Bc6 28. Nf2 Kf7 29. Nd3 g5 30. Ne5+ Kf6 31. Rd3 gxh4 32. g4 Rxe5 33. Rxe5 Rg8 34. g5+ hxg5 35. Rxg5 Rxg5+ 36. fxg5+ Kxg5 37. Re3 Kf5 38. b4 e5 39. b5 Be4 40. c3 Kf4 41. Rh3 Nf5 42. c5 Kg4 43. Rh2 h3 44. a4 Nh4 45. Re2 Nf3+ 46. Kf2 h2 47. Rxe4+ Kf5 48. Rh4 Nxh4 49. Kg3 h1=Q 0-1


[Site "https://www.chess.com"]

[Event "Titled Tuesday Blitz September 20 Late 2022"]
[White "Shuvalov, Evgenij"]
[Black "Lin, Dachey"]
[WhiteFideId "4187237"]
[BlackFideId "2029650"]
[WhiteElo "2033"]
[BlackElo "2313"]
[Result "0-1"]
[Round "11"]
[TimeControl "180+1"]
[Date "2022.09.20"]
[WhiteClock "0:02:13"]
[BlackClock "0:02:19"]

1. d4 g6 2. c4 Bg7 3. Nc3 c5 4. Nf3 cxd4 5. Nxd4 Nc6 6. Nxc6 bxc6 7. g3 Nf6 8. Bg2 O-O 9. O-O Ng4 10. Qc2 Rb8 11. b3 d5 12. Rd1 e6 13. h3 Nxf2 14. Kxf2 Qf6+ 15. Bf4 g5 16. Rac1 gxf4 0-1


[Site "https://www.chess.com"]

[Event "Titled Tuesday Blitz September 20 Late 2022"]
[White "Sokolovsky, Yahli"]
[Black "Yurovskykh, Oleksandr"]
[WhiteFideId "2820242"]
[BlackFideId "14134020"]
[WhiteElo "1920"]
[BlackElo "2303"]
[Result "1-0"]
[Round "11"]
[TimeControl "180+1"]
[Date "2022.09.20"]
[WhiteClock "0:01:03"]
[BlackClock "0:00:29"]

1. b3 d5 2. Bb2 Bg4 3. h3 Bh5 4. Nf3 Bxf3 5. exf3 e6 6. g3 Nf6 7. Bg2 g6 8. O-O Bg7 9. d4 O-O 10. f4 Nfd7 11. Nd2 c5 12. Nf3 Nc6 13. c3 cxd4 14. cxd4 Qb6 15. Qd2 Rfc8 16. Ne5 Ncxe5 17. fxe5 Rc6 18. Rac1 Rac8 19. h4 h5 20. Bf3 Kh7 21. Qd3 Kg8 22. Qd2 Kh7 23. Rxc6 Rxc6 24. Qd3 Kg8 25. Qd2 Kh7 26. Qf4 Kg8 27. Rc1 Rxc1+ 28. Qxc1 Qc6 29. Qxc6 bxc6 30. Be2 Nb8 31. b4 Bf8 32. b5 cxb5 33. Bxb5 Bb4 34. Kf1 Kf8 35. Ke2 Ke7 36. Bc1 Kd8 37. Kd3 Nd7 38. Bg5+ Be7 39. Bd2 Nb6 40. Ba5 Ba3 41. Kc2 Be7 42. f3 g5 43. hxg5 Bxg5 44. Be1 Be3 45. Kd3 Bg5 46. f4 Be7 47. Kc3 Ba3 48. Be2 a5 49. Kb3 Bc1 50. Bxa5 Kc7 51. Bxh5 Be3 52. Bxf7 Bxd4 53. Bxe6 Bf2 54. g4 Bg3 55. f5 Bxe5 56. Bxd5 1-0


[Site "https://www.chess.com"]

[Event "Titled Tuesday Blitz September 20 Late 2022"]
[White "Suarez Garcia, Carlos"]
[Black "Mendez Fortes, Eduardo Jesus"]
[WhiteFideId "22230858"]
[BlackFideId "3502376"]
[WhiteElo "2491"]
[BlackElo "2307"]
[Result "1-0"]
[Round "11"]
[TimeControl "180+1"]
[Date "2022.09.20"]
[WhiteClock "0:00:44"]
[BlackClock "0:00:08"]

1. b3 d5 2. Bb2 Nf6 3. e3 e6 4. c4 b6 5. Nf3 Bb7 6. Be2 Bd6 7. O-O O-O 8. d3 c5 9. Nbd2 Nc6 10. a3 Re8 11. Qc2 e5 12. cxd5 Nxd5 13. Rac1 Bf8 14. Qb1 Rc8 15. Rfd1 Qf6 16. Qa1 g6 17. Nc4 Bg7 18. Bf1 Qe6 19. Ng5 Qd7 20. Ne4 Re6 21. g3 f5 22. Ng5 Ree8 23. Bg2 h6 24. Nf3 Qe6 25. Re1 Rcd8 26. e4 fxe4 27. Rxe4 Nc7 28. Re3 Nd4 29. Bxd4 Bxf3 30. Bxe5 Nd5 31. Rxf3 Bxe5 32. Nxe5 Qxe5 33. Qxe5 Rxe5 34. Bf1 Kg7 35. d4 cxd4 36. Rd3 Ne7 37. Rc7 Rc8 38. Rxc8 Nxc8 39. Rxd4 Kf6 40. Ba6 Ne7 41. Rd6+ Re6 42. Rd7 Nc6 43. Bc4 Re1+ 44. Kg2 Ne5 45. Rxa7 Ra1 46. Ra6 Nd7 47. Bb5 Nc5 48. Rxb6+ Kg7 49. b4 Ne4 50. Bd3 Nf6 51. Ra6 Ra2 52. h3 Kf7 53. b5 Rb2 54. a4 Ke7 55. a5 Nd5 56. Rxg6 Ne3+ 57. Kf3 Nd1 58. Be2 Rb3+ 59. Kg2 Nc3 60. Bf1 Rb2 61. a6 Ne4 62. a7 Rxf2+ 63. Kg1 Ra2 64. Ra6 1-0


[Site "https://www.chess.com"]

[Event "Titled Tuesday Blitz September 20 Late 2022"]
[White "Suarez Uriel, Adrian"]
[Black "Preotu, Razvan"]
[WhiteFideId "22230874"]
[BlackFideId "2613280"]
[WhiteElo "2310"]
[BlackElo "2407"]
[Result "0-1"]
[Round "11"]
[TimeControl "180+1"]
[Date "2022.09.20"]
[WhiteClock "0:01:37"]
[BlackClock "0:00:40"]

1. e4 c5 2. Nf3 d6 3. Nc3 Nf6 4. e5 dxe5 5. Nxe5 a6 6. g3 Qd6 7. Qe2 Nc6 8. Nxc6 Qxc6 9. Rg1 Bg4 10. Bg2 Qxg2 11. Rxg2 Bxe2 12. Kxe2 g6 13. a4 b6 14. d3 Bg7 15. f3 e6 16. Be3 Nd5 17. Bd2 Nb4 18. Kd1 Nc6 19. Rb1 O-O-O 20. Ne4 h6 21. g4 Nd4 22. Bc3 Be5 23. Bxd4 Rxd4 24. b3 f5 25. gxf5 exf5 26. Nd2 g5 27. Nc4 Bc7 28. b4 Rhd8 29. Ne3 Rf4 30. Rf2 c4 31. Ke2 Re8 32. Kd2 c3+ 33. Ke2 Rh4 34. Rb3 f4 35. Rxc3 Rxe3+ 36. Kd2 Kd7 37. Rc4 Rh3 0-1


[Site "https://www.chess.com"]

[Event "Titled Tuesday Blitz September 20 Late 2022"]
[White "Vasquez Schroeder, Rodrigo"]
[Black "Lewtak, Damian"]
[WhiteFideId "3400042"]
[BlackFideId "1141724"]
[WhiteElo "2834"]
[BlackElo "2663"]
[Result "1-0"]
[Round "11"]
[TimeControl "180+1"]
[Date "2022.09.20"]
[WhiteClock "0:00:18"]
[BlackClock "0:00:02"]

1. d4 d5 2. Nf3 Nf6 3. c4 e6 4. Nc3 Bb4 5. Qa4+ Nc6 6. e3 O-O 7. Qc2 Bd6 8. a3 dxc4 9. Bxc4 e5 10. d5 Ne7 11. h3 c6 12. dxc6 Nxc6 13. O-O Qe7 14. Nd5 Nxd5 15. Bxd5 Be6 16. Bxe6 Qxe6 17. e4 Rac8 18. Qe2 Nd4 19. Nxd4 exd4 20. Qd3 Rfe8 21. Re1 f5 22. e5 Be7 23. Bd2 Rc6 24. Qxd4 Rd8 25. Qe3 Rc2 26. Bc3 b6 27. Re2 Bc5 28. Qf3 Rxe2 29. Qxe2 f4 30. Qe4 f3 31. Re1 fxg2 32. Kxg2 Rf8 33. f4 g5 34. Rf1 Rf5 35. Rf3 Qg6 36. Qd5+ Kg7 37. e6+ Kh6 38. Qe4 gxf4+ 39. Kf1 Qg1+ 40. Ke2 Qg2+ 41. Kd3 Kg5 42. h4+ 1-0


[Site "https://www.chess.com"]

[Event "Titled Tuesday Blitz September 20 Late 2022"]
[White "Xiong, Jeffery"]
[Black "Safarli, Eltaj"]
[WhiteFideId "2047640"]
[BlackFideId "13402129"]
[WhiteElo "3004"]
[BlackElo "2920"]
[Result "1/2-1/2"]
[Round "11"]
[TimeControl "180+1"]
[Date "2022.09.20"]
[WhiteClock "0:01:49"]
[BlackClock "0:01:56"]

1. e4 e5 2. Nf3 Nc6 3. Nc3 Nf6 4. d4 Bb4 5. Nxe5 Bxc3+ 6. bxc3 Qe7 7. Nxc6 Qxe4+ 8. Qe2 dxc6 9. Qxe4+ Nxe4 10. c4 Be6 11. f3 Nd6 12. c5 Nf5 13. c3 Ne7 14. Bd3 Bf5 15. Bc4 Be6 16. Bd3 Kd7 17. Kf2 b6 18. a4 h5 19. a5 b5 20. Bd2 f6 21. Rhe1 Rae8 22. a6 Bc4 23. Bc2 Bd5 24. h4 Bc4 25. Re4 Bd5 26. Re2 Bc4 27. Re4 Bd5 28. Re2 Bc4 29. Re4 1/2-1/2